 Dungeon Crawl Stone Soup version 0.24.1-8-ga250c9d538 (webtiles) character file.

Game seed: 2178893521411205090, levelgen mode: deterministic

36 Hugehornet the Insei (level 3, -4/23 HPs)
             Began as an Octopode Transmuter on May 9, 2020.
             Shot with a stone by a goblin (5 damage)
             ... on level 2 of the Dungeon.
             The game lasted 00:01:48 (1620 turns).

Hugehornet the Insei (Octopode Transmuter)          Turns: 1620, Time: 00:01:49

Health: -4/23      AC:  1    Str:  9    XL:     3   Next: 37%
Magic:  6/6        EV: 10    Int: 16    God:
Gold:   69         SH:  0    Dex: 12    Spells: 1/7 levels left

rFire    . . .     SeeInvis .     - Unarmed
rCold    . . .     Gourm    .   (no shield)
rNeg     . . .     Faith    .   (helmet restricted)
rPois    .         Spirit   .   (no amulet)
rElec    .         Reflect  .   (no ring)
rCorr    .         Harm     .   (no ring)
MR       .....                  (no ring)
Stlth    +++.......             (no ring)
HPRegen  0.07/turn              (no ring)
MPRegen  0.10/turn              (no ring)
                                (no ring)
                                (no ring)

@: appendage, constricted
A: almost no armour, stealthy swim, amphibious, 8 rings, constrict 8, tentacle
spike 3, camouflage 1, gelatinous body 1
a: End Transformation


You were on level 2 of the Dungeon.
You were not hungry.
One of your tentacles had a temporary spike.
You visited 1 branch of the dungeon, and saw 2 of its levels.

You collected 69 gold pieces.

Inventory:

Missiles
 a - 53 arrows
Jewellery
 f - a cursed ring of attention {unknown}
Scrolls
 d - 5 scrolls of identify {unknown}
 e - 2 scrolls of fear {unknown}
 g - a scroll of noise {unknown}
 h - a scroll of teleportation {unknown}
 k - a scroll of remove curse {unknown}
Potions
 b - 4 potions of brilliance {unknown}
 i - a potion of ambrosia {unknown}
 j - a potion of heal wounds {unknown}
 l - a potion of agility {unknown}
 m - a potion of haste {unknown}
 n - a potion of magic {unknown}
Comestibles
 c - a ration


   Skills:
 - Level 1.0 Fighting
 - Level 2.0 Dodging
 + Level 3.0 Unarmed Combat
 + Level 2.5 Spellcasting
 - Level 3.0 Transmutations
 * Level 0.9 Poison Magic


You had one spell level left.
You knew the following spells:

 Your Spells              Type           Power        Failure   Level  Hunger
a - Beastly Appendage     Tmut           ##....       6%          1    #......
b - Sticks to Snakes      Tmut           ##......     9%          2    ##.....
c - Spider Form           Tmut/Pois      #.........   26%         3    ###....

Your spell library contained the following spells:

 Spells                   Type           Power        Failure   Level  Hunger
 Ice Form                 Ice/Tmut       #.......     71%         4    #####..
 Blade Hands              Tmut           ##........   85%         5    ######.


Dungeon Overview and Level Annotations

Branches:
Dungeon (2/15)

Altars:
Hepliaklqana
Xom
Yredelemnul
The Shining One


Innate Abilities, Weirdness & Mutations

You cannot wear most types of armour.
You are very stealthy in the water. (Stealth+)
You are amphibious.
You can wear up to eight rings at the same time.
You can use your tentacles to constrict eight enemies at once.
Your skin changes colour to match your surroundings (Stealth+).
Your rubbery body absorbs attacks. (AC +1, EV +1)
One of your tentacles bears a large vicious spike.


Message History

The ball python closely misses you. The ball python grabs you.
The ball python constricts you. The adder barely misses you.
The ball python closely misses you. The ball python constricts you.
You tentacle-slap the adder.
You pierce the adder.
The adder is almost dead.
You constrict the adder. The adder barely misses you.
The ball python bites you.
* * * LOW HITPOINT WARNING * * *
x2 The ball python constricts you.
You tentacle-slap the adder.
You kill the adder!
The goblin shoots a stone.
The stone closely misses you.
The ball python bites you but does no damage.
The ball python constricts you.
You tentacle-slap the ball python. Your grab misses the ball python.
The ball python is moderately wounded.
The ball python bites you.
* * * LOW HITPOINT WARNING * * *
x2 The ball python constricts you.
The goblin shoots a stone.
The stone hits you.
You die...

.# #.# #.# .###.## #.#
.##(#.## #.# .#.###.##
##.# ############ .[##
##.# #(.# #...........
##.###.##
##(###########....##
###.#.## #≈((≈≈≈≈≈≈≈
#...... ####.#######
#≈.≈....... #.##.##
>..........# #≈.@.≈≈≈≈≈≈
#.##.# ##########.#
#≈.†S≈....≈ #.##<##
.#########.###≈.≈g≈.≈≈.≈
#.##...
#............#≈.≈.≈$#≈.≈
#.####.
(#########.###≈.≈.≈≈≈≈.≈
#.# #. )# #.#
#≈.≈......≈ #.####. .#
#.# #≈.≈≈≈≈≈≈≈≈ #......
.# #.# #≈.........
######. .# #.# #.


You could see a goblin and a ball python.

Vanquished Creatures
  An adder (D:2)
  A ball python (D:2)
  2 bats (D:1)
  3 giant cockroaches
  3 goblins (D:2)
  2 hobgoblins
  4 kobolds
  A quokka (D:2)
  3 frilled lizards
  6 rats
26 creatures vanquished.

Vanquished Creatures (others)
  A goblin (D:2)
1 creature vanquished.

Grand Total: 27 creatures vanquished

Notes
Turn   | Place    | Note
-------+----------+-------------------------------------------
     0 | D:1      | Hugehornet the Octopode Transmuter began the quest for the
                  | Orb.
     0 | D:1      | Reached XP level 1. HP: 13/13 MP: 3/3
   738 | D:1      | Reached XP level 2. HP: 18/18 MP: 3/5
   742 | D:1      | Learned a level 2 spell: Sticks to Snakes
  1251 | D:2      | Found a glowing golden altar of the Shining One.
  1260 | D:2      | Found a basalt altar of Yredelemnul.
  1262 | D:2      | Noticed a profane servitor
  1309 | D:2      | Reached XP level 3. HP: 23/23 MP: 4/6
  1315 | D:2      | Learned a level 3 spell: Spider Form
  1434 | D:2      | Found a shimmering altar of Xom.
  1459 | D:2      | Found a hazy altar of Hepliaklqana.
  1460 | D:2      | Noticed a spectral ugly thing
  1620 | D:2      | HP: 1/23 [ball python (1)]
  1620 | D:2      | Shot with a stone by a goblin

Levels and vault maps discovered:
D:1:      grunt_arrival_crossed_arrows, layout_basic
D:2:      layout_loops_ring, grunt_temple_overflow_holy_war,
          regret_index_temple_of_mockery, kennysheep_small_spiral,
          kennysheep_generic_room_5

Skill      XL: |  1  2 |
---------------+-------+-----
Transmutations | 3 |  3.0
Fighting       | |  1.0
Dodging        | |  2.0
Unarmed Combat | |  3.0
Spellcasting   | |  2.5
Poison Magic   | |  0.9

Action                   || total
-------------------------++-------
Melee: Unarmed           ||    46
       Kick              ||    11
       Constrict         ||    10
       Tentacles         ||     3
 Cast: Beastly Appendage ||    21
 Stab: Sleeping          ||     3
  Eat: Chunk             ||     2
Armor: Skin              ||     6
Dodge: Dodged            ||    36
